 Dungeon Crawl Stone Soup version 0.26-a0-771-g060e6a62af (webtiles) character file.

Game seed: 3710895322205533672

2639 marklar909 the Ruffian (level 9, -10/75 HPs)
             Began as a Grey Draconian Transmuter on Nov 9, 2020.
             Mangled by a two-headed ogre
             ... wielding a +0 giant club
              (23 damage)
             ... on level 8 of the Dungeon.
             The game lasted 00:12:32 (9032 turns).

marklar909 the Ruffian (Grey Draconian Transmuter)  Turns: 9032, Time: 00:12:33

Health: -10/75     AC:  6    Str: 15    XL:     9   Next: 35%
Magic:  8/13       EV: 22    Int: 14    God:
Gold:   313        SH:  0    Dex: 17    Spells: 2/13 levels left

rFire    . . .     SeeInvis +     - Unarmed
rCold    . . .     Faith    .   (shield currently unavailable)
rNeg     . . .     Spirit   .   (armour unavailable)
rPois    x         Reflect  .   (helmet currently unavailable)
rElec    .         Harm     .   (cloak currently unavailable)
rCorr    .         Rampage  .   (gloves currently unavailable)
MR       .....                  (boots currently unavailable)
Stlth    ++........             (no amulet)
HPRegen  0.22/turn              n - +4 ring of protection
MPRegen  0.13/turn              B - ring of see invisible

@: spider-form, wereblooded (expiring)
A: tiny, (walk through water), unfitting armour, AC +12
a: End Transformation


You were on level 8 of the Dungeon.
You were a venomous arachnid creature.
You visited 2 branches of the dungeon, and saw 9 of its levels.

You collected 428 gold pieces.
You spent 115 gold pieces at shops.

Inventory:

Missiles
 r - 24 poisoned darts (quivered)
Armour
 c - a +0 kite shield
 u - a +0 buckler (melded)
 w - a +1 pair of gloves (melded)
 D - a scarf of shadows (melded)
Jewellery
 n - a +4 ring of protection (left front leg)
 z - a +6 ring of intelligence
 B - a ring of see invisible (right front leg)
 F - an uncursed amulet of regeneration {unknown}
Wands
 k - a wand of digging (3)
 y - a wand of flame (20)
 C - a wand of acid (13)
Scrolls
 a - 2 scrolls of fog
 d - 3 scrolls of magic mapping
 e - 8 scrolls of identify
 g - 5 scrolls of remove curse
 t - 2 scrolls of amnesia
 x - a scroll of fear
 A - a scroll of teleportation
 G - a scroll of enchant weapon
Potions
 b - a potion of invisibility
 f - 3 potions of resistance {unknown}
 h - a potion of heal wounds
 i - 2 potions of berserk rage
 j - 2 potions of magic
 l - 2 potions of attraction {unknown}
 m - a potion of brilliance {unknown}
 o - 2 potions of degeneration {unknown}
 p - a potion of might {unknown}
 q - 4 potions of lignification
 s - 5 potions of curing
 v - 3 potions of flight {unknown}
 E - a potion of haste {unknown}
 H - a potion of cancellation {unknown}


   Skills:
 * Level 6.0 Fighting
 * Level 3.9 Dodging
 + Level 2.0 Stealth
 * Level 3.2 Shields
 + Level 7.3 Unarmed Combat
 + Level 2.9 Spellcasting
 + Level 6.5 Transmutations
 + Level 2.7 Poison Magic


You had 2 spell levels left.
You knew the following spells:

 Your Spells              Type           Power        Failure   Level
a - Beastly Appendage     Tmut           ###...       7%          1
b - Wereblood             Tmut           ###.....     9%          2
c - Spider Form           Tmut/Pois      ##........   24%         3
d - Blade Hands           Tmut           ###.......   61%         5

Your spell library contained the following spells:

 Spells                   Type           Power        Failure   Level
 Ice Form                 Ice/Tmut       ##......     71%         4


Dungeon Overview and Level Annotations

Branches:
Dungeon (8/15)             Temple (1/1) D:5
   Lair: D:8-11

Altars:
Ashenzari
Cheibriados
Dithmenos
Elyvilon
Fedhas
Gozag
Hepliaklqana
Kikubaaqudgha
Nemelex Xobeh
Okawaru
Qazlal
Ru
Sif Muna
Trog
Vehumet
Wu Jian
Yredelemnul
Zin
The Shining One
Beogh

Shops:
D:4 *

Annotations:
D:4 1 runed translucent door, Spectrina's ghost, weakling DgDe


Innate Abilities, Weirdness & Mutations

((You can walk through water.))
((Your dull iron-grey scales are very hard. (AC +12)))
You cannot fit into any form of body armour.
((You can survive without breathing.))
((You are cold-blooded and may be slowed by cold attacks.))


Message History

Your +1 pair of gloves unmelds from your body.
Your +0 buckler unmelds from your body.
It gets dark.
Your primal bloodlust is almost over.
Throwing (i - inventory)
r - 25 poisoned darts (quivered)
Press: ? - help, Shift-Dir - straight line, f - two-headed ogre
Aim: a two-headed ogre, wielding two +0 giant clubs (moderately wounded)
You throw a poisoned dart.
The poisoned dart barely misses the two-headed ogre.
Casting: Spider Form (dangerous; 11% risk of failure)
Confirm with . or Enter, or press ? or * to list all spells.
You feel a numb sensation.
You turn into a venomous arachnid creature.
Your scarf of shadows melds into your body.
Your +1 pair of gloves melds into your body.
Your +0 buckler melds into your body.
The dungeon's light returns to normal.
The two-headed ogre hits you with a +0 giant club! x2
The two-headed ogre hits you with a +0 giant club!
* * * LOW HITPOINT WARNING * * *
The two-headed ogre hits you with a +0 giant club!!
You die...

......#.......# #
..#####......## #
#.....###+## #
#.(...'....# #
#.....#....# #####
#.....##+####+##..##
##....#....##.......
#....'.....#.....##
#Os..#....##.....##
#....#....##.....##
#....###..##......#
....#####..##......⌠
....#.......#.......
.....#......##+#####⌠
......##.##..#...(...#
###.....#.##..#.......#
#.....#.....#........


You could see a two-headed ogre.

Vanquished Creatures
  2 ice beasts
  3 orc warriors
  2 sky beasts
  A black bear (D:7)
  2 phantoms
  5 ogres
  2 centaurs
  A bullfrog (D:6)
  A wyvern skeleton (D:8)
  A scorpion (D:4)
  A centaur zombie (D:7)
  A quasit (D:6)
  A centaur skeleton (D:4)
  A hound (D:6)
  A jelly (D:7)
  5 orc priests
  2 bullfrog skeletons (D:5)
  Jessica (D:4)
  2 worker ants
  7 orc wizards
  A hound skeleton (D:4)
  A worker ant zombie (D:5)
  7 gnolls
  10 adders
  A shadow imp (D:6)
  2 white imps (D:5)
  An ufetubus (D:5)
  2 oozes
  An adder skeleton (D:5)
  2 dart slugs
  4 leopard geckos
  25 orcs
  6 giant cockroaches
  6 hobgoblins
  12 jackals
  4 kobolds
  2 quokkas (D:5)
  10 bats
  4 frilled lizards
  A giant cockroach zombie (D:5)
  10 goblins
  A leopard gecko skeleton (D:6)
  A quokka skeleton (D:6)
  8 rats
164 creatures vanquished.

Notes
Turn   | Place    | Note
-------+----------+-------------------------------------------
     0 | D:1      | marklar909 the Draconian Transmuter began the quest for the
                  | Orb.
     0 | D:1      | Reached XP level 1. HP: 16/16 MP: 3/3
   533 | D:1      | Reached XP level 2. HP: 23/23 MP: 3/5
   574 | D:1      | Found a roughly hewn altar of Beogh.
   577 | D:1      | Noticed an orc warrior
   694 | D:1      | Learned a level 2 spell: Wereblood
  1199 | D:1      | Reached XP level 3. HP: 28/28 MP: 2/6
  2316 | D:2      | Reached XP level 4. HP: 30/36 MP: 3/7
  2751 | D:2      | Learned a level 3 spell: Spider Form
  2906 | D:3      | Found a faded altar of an unknown god.
  4147 | D:3      | Reached XP level 5. HP: 41/41 MP: 5/8
  4182 | D:4      | Found Ofurak's General Store.
  4192 | D:4      | Bought a potion of curing for 30 gold pieces
  4192 | D:4      | Bought a potion of lignification for 30 gold pieces
  4192 | D:4      | Bought a scroll of fear for 35 gold pieces
  4192 | D:4      | Bought a scroll of identify for 20 gold pieces
  4222 | D:4      | Found an ornate altar of the Wu Jian Council.
  4223 | D:4      | Found an ancient bone altar of Kikubaaqudgha.
  4223 | D:4      | Found a glowing silver altar of Zin.
  4223 | D:4      | Found a basalt altar of Yredelemnul.
  4251 | D:4      | Noticed Jessica
  4258 | D:4      | Killed Jessica
  4258 | D:4      | Reached skill level 4 in Unarmed Combat
  4286 | D:4      | Found a shimmering blue altar of Sif Muna.
  4369 | D:4      | Reached skill level 1 in Shields
  4380 | D:4      | Reached XP level 6. HP: 29/50 MP: 3/9
  4626 | D:4      | Found an iron altar of Okawaru.
  4772 | D:4      | Reached skill level 1 in Stealth
  4935 | D:4      | Found a runed translucent door.
  4935 | D:4      | Noticed Spectrina's ghost (weakling DgDe)
  5073 | D:5      | Entered Level 5 of the Dungeon
  5328 | D:5      | Found a staircase to the Ecumenical Temple.
  5359 | Temple   | Entered the Ecumenical Temple
  5547 | D:5      | Found an opulent altar of Gozag.
  5623 | D:5      | Your scales start taking on a dull iron-grey colour.
  5623 | D:5      | Reached XP level 7. HP: 55/57 MP: 6/10
  5623 | D:5      | Gained mutation: You can survive without breathing. [Grey
                  | Draconian growth]
  5874 | D:5      | Found a shadowy altar of Dithmenos.
  6014 | D:5      | Reached skill level 5 in Unarmed Combat
  6024 | D:5      | Reached skill level 5 in Transmutations
  6413 | D:6      | Reached XP level 8. HP: 59/67 MP: 9/11
  6698 | D:6      | Reached skill level 6 in Unarmed Combat
  6848 | D:6      | Reached skill level 1 in Poison Magic
  7272 | D:6      | Reached skill level 5 in Fighting
  7462 | D:6      | Learned a level 5 spell: Blade Hands
  7832 | D:7      | Reached XP level 9. HP: 57/75 MP: 9/12
  8125 | D:7      | Reached skill level 7 in Unarmed Combat
  8781 | D:8      | Found a sparkling altar of Nemelex Xobeh.
  9009 | D:8      | Noticed a two-headed ogre
  9032 | D:8      | Mangled by a two-headed ogre

Illustrated notes

Levels and vault maps discovered:
D:1:      erik_arrival_cave_to_civilisation [erik_arrival_cave_to_temple],
          layout_basic
D:2:      layout_basic, serial_park_tiny_pond, minmay_misc_feat_alley,
          minivault_14, serial_park_tiny_pond
D:3:      layout_basic, chequers_ecumenical_altar_simple_redux,
          gup_sewer_entry_bowl
D:4:      layout_cave_pools, overflow_temple_1_default,
          chequers_temple_overflow_statue_of_worship, gammafunk_ghost_grave,
          serial_shops, shop, tgw_sif
D:5:      layout_basic, nicolae_gozag_seed_capital,
          grunt_dithmenos_smoke_and_mirrors, minmay_temple_entry_stoned_glass
D:6:      layout_rooms
D:7:      layout_loops_corners
D:8:      cheibrodos_iron_armory, layout_gridville,
          grunt_temple_overflow_champion_of_chaos,
          nemelex_xobeh_ov_fountains_minmay, minmay_misc_feat_columns,
          minivault_10
Temple:   jpeg_temple_clearing

Skill      XL: |  1  2  3  4  5  6  7  8  9 |
---------------+----------------------------+-----
Dodging        | 2 3 |  3.9
Transmutations | 3 4 5 6 |  6.5
Fighting       | 2 3 4 5 6 |  6.0
Unarmed Combat | 4 5 6 7 |  7.3
Shields        | 1 2 3 |  3.2
Stealth        | 1 2 |  2.0
Poison Magic   | 2 |  2.7
Spellcasting   | |  2.9

Action                   |  1- 3 |  4- 6 |  7- 9 || total
-------------------------+-------+-------+-------++-------
Melee: Unarmed           |   120 |   155 |   227 ||   502
       Kick              |    18 |    41 |    30 ||    89
       Tailslap          |    10 |    19 |    13 ||    42
       Headbutt          |     6 |    20 |    15 ||    41
       Punch             |       |     2 |       ||     2
Throw: Dart              |       |       |     1 ||     1
 Cast: Beastly Appendage |    28 |    35 |    17 ||    80
       Wereblood         |    17 |    26 |    16 ||    59
       Spider Form       |       |       |    22 ||    22
  Use: Scroll            |       |     7 |     7 ||    14
 Stab: Sleeping          |       |       |     2 ||     2
Armor: Skin              |    45 |    52 |    60 ||   157
Dodge: Dodged            |   111 |   112 |   147 ||   370
Block: Buckler           |       |       |    20 ||    20

Table legend: (Time is in decaauts)
 A = Elapsed time spent in this place.
 B = Non-inter-level travel time spent in this place.
 C = Inter-level travel time spent in this place.
 D = Time resting spent in this place.
 E = Time spent auto-exploring this place.
 F = Levels seen in this place.
 G = Mean time per level.
                   A        B        C        D        E       F      G
               +--------+--------+--------+--------+--------+-----+--------+
         Total |   8999 |   8400 |    599 |    410 |   6733 |   9 |  999.9 |
       Dungeon |   8838 |   8253 |    585 |    410 |   6587 |   8 | 1104.8 |
        Temple |    160 |    146 |     14 |      0 |    146 |   1 |  160.0 |
               +--------+--------+--------+--------+--------+-----+--------+

Top non-repeatable levels by time:
     D:1: 1759 daAuts
     D:2: 1295 daAuts
     D:7: 1266 daAuts
     D:6: 1164 daAuts
     D:3: 1082 daAuts
     D:5: 1077 daAuts
     D:4: 930 daAuts
     D:8: 263 daAuts
  Temple: 160 daAuts
